 Dungeon Crawl Stone Soup version 0.32-a0-571-gec57dfcd37 (webtiles) character file.

Game seed: 17037840084263821923

5271 cforsyth the Scholar of Death (level 10, -2/88 HPs)
             Began as a Mountain Dwarf Necromancer on Mar 1, 2024.
             Was a Follower of Kikubaaqudgha.
             Slain by a troll (7 damage)
             ... on level 9 of the Dungeon.
             The game lasted 00:39:00 (14872 turns).

cforsyth the Scholar of Death (MDNe)               Turns: 14872, Time: 00:39:01

Health: -2/88      AC: 14    Str: 13    XL:     10   Next: 36%
Magic:  18/19      EV: 12    Int: 22    God:    Kikubaaqudgha [*.....]
Gold:   250        SH:  0    Dex: 16    Spells: 9/21 levels left

rFire   . . .        s - +4 battleaxe
rCold   . . .        (shield currently unavailable)
rNeg    . . .        l - +0 chain mail
rPois   .            (helmet restricted)
rElec   +            (no cloak)
rCorr   .            r - +2 pair of gloves "Pyloogud" {rElec Int+4}
SInv    .            q - +0 pair of boots
Will    +....        (no amulet) Stlth
                     E - +5 ring of evasion
HPRegen 0.34/turn    D - +6 ring of dexterity
MPRegen 0.16/turn

%: no passive effects
@: mighty, animating dead
A: runic magic, artefact enchanting, antennae 1
a: Renounce Religion, Unearth Wretches


You were on level 9 of the Dungeon.
You worshipped Kikubaaqudgha.
Kikubaaqudgha was aware of your devotion.
You visited 2 branches of the dungeon, and saw 10 of its levels.

You collected 535 gold pieces.
You spent 285 gold pieces at shops.


Innate Abilities, Weirdness & Mutations

Your spellcasting is much less encumbered by armour.
You can use scrolls of enchantment on lesser artefacts.
You have a pair of small antennae on your head.


   Skills:
 - Level 7.7 Fighting
 - Level 7.0 Maces & Flails
 - Level 6.1 Armour
 - Level 1.3 Dodging
 - Level 1.4 Stealth
 + Level 6.3 Spellcasting
 - Level 9.9 Necromancy


You had 9 spell levels left.
You knew the following spells:

 Your Spells              Type           Power      Damage    Failure   Level
a - Animate Dead          Necr           50%        N/A       3%          4
n - Dispel Undead         Necr           50%        3d19      3%          4
v - Vampiric Draining     Necr           50%        2d9       1%          3
X - Necrotise             Necr           100%       1d9       1%          1

Your spell library contained the following spells:

 Spells                   Type           Power      Damage    Failure   Level
 Sublimation of Blood     Necr           50%        N/A       1%          2
 Kiss of Death            Conj/Necr      100%       2d13      2%          1
 Cigotuvi's Dreadful Rot  Necr/Alch/Air  42%        N/A       7%          2
 Curse of Agony           Necr           50%        N/A       9%          5
 Freeze                   Ice            28%        1d5       17%         1
 Sandblast                Erth           14%        2d6       17%         1
 Lesser Beckoning         Tloc           14%        N/A       26%         2
 Confusing Touch          Hex            7%         N/A       45%         3
 Gell's Gravitas          Tloc           7%         N/A       45%         3
 Ozocubu's Armour         Ice            7%         N/A       45%         3
 Teleport Other           Tloc           7%         N/A       45%         3
 Vhi's Electric Charge    Tloc/Air       14%        N/A       86%         4
 Arcjolt                  Conj/Air       3%         1d13      99%         5
 Metabolic Englaciation   Hex/Ice        3%         N/A       99%         5
 Plasma Beam              Fire/Air       3%         2x1d13    100%        6
 Ozocubu's Refrigeration  Ice            3%         4d8       100%        7

Inventory:

Hand Weapons
 i - a +0 dagger
 m - a +2 heavy flail
 o - a +2 dagger of draining
 s - a +4 battleaxe (weapon)
Armour
 c - a +0 pair of gloves
 l - a +0 chain mail (worn)
 q - a +0 pair of boots (worn)
 r - the +2 pair of gloves "Pyloogud" (worn) {rElec Int+4}
   (You bought it in a shop on level 1 of the Dungeon)

   Int+4:     It affects your intelligence (+4).
   rElec:     It insulates you from electricity.
Jewellery
 n - a ring of positive energy
 C - a ring of protection from cold
 D - a +6 ring of dexterity (right hand)
 E - a +5 ring of evasion (left hand)
 L - a ring of flight
 N - a ring of positive energy
 R - a ring of resist corrosion
Wands
 v - a wand of flame (2)
Scrolls
 a - a scroll of amnesia
 d - 2 scrolls of enchant weapon
 e - a scroll of teleportation {@r2}
 f - 5 scrolls of revelation
 w - a scroll of identify {@r1}
 x - a scroll of poison
Potions
 b - 4 potions of magic
 g - a potion of resistance
 j - 3 potions of cancellation
 k - a potion of haste {@q3}
 p - a potion of brilliance

Dungeon Overview and Level Annotations

Branches:
Dungeon (9/15)             Temple (1/1) D:6
   Lair: D:8-11         Orc: D:9-12

Altars:
Ashenzari
Cheibriados
Dithmenos
Elyvilon
Fedhas
Gozag
Hepliaklqana
Kikubaaqudgha
Makhleb
Nemelex Xobeh
Okawaru
Qazlal
Ru
Sif Muna
Trog
Uskayaw
Vehumet
Wu Jian
Xom
Yredelemnul
Zin
The Shining One

Shops:
D:1 [   D:2 [   D:7 =   D:8 !

Annotations:
D:8 Erica

. .. .# .# ..##
.. ..... #.
#####...... #.
####...'......
#.
###..@T###......
#.##.†.####
.....
######....###
.... +.......###
T.. #######.# ..
#.# . #.# ###
#.# #.. #.# #.#


You could see a troll.


Message History

The troll bites your komodo dragon zombie!
The troll claws your komodo dragon zombie. x2
Your komodo dragon zombie bites the troll.
Aiming: Throw Flame
Press: ? - help, Shift-Dir - straight line, f - troll
Aim: a troll (severely wounded, not watching you, ally target, 68% to hit)
The puff of flame misses the troll.
The troll bites your komodo dragon zombie!
Your komodo dragon zombie is destroyed!
Aiming: Fastroot
Press: ? - help, Shift-Dir - straight line, f/p - troll
Aim: a troll (heavily wounded, unaware, hasn't noticed you)
The roots erupt in riotous growth!
The troll shouts!
Roots grab the troll.
The now-empty wand crumbles to dust.
The grasping roots constrict the troll.
You hear a loud, deep croak!
The troll escapes!
Aiming: Throw Flame
Press: ? - help, Shift-Dir - straight line, f/p - troll
Aim: a troll (severely wounded, 68% to hit)
Okay, then.
You feel very mighty all of a sudden.
You barely miss the troll.
The troll is severely wounded.
The troll bites you.
* * * LOW HITPOINT WARNING * * *
The troll claws you!
You die...
Kikubaaqudgha rasps: You have failed me!
Welcome... death!

Skill      XL: |  1  2  3  4  5  6  7  8  9 10 |
---------------+-------------------------------+-----
Fighting       | 1 2 3 4 5 7 |  7.7
Necromancy     | 5 6 7 8 9 |  9.9
Armour         | 4 6 |  6.1
Maces & Flails | 2 7 |  7.0
Spellcasting   | 4 6 |  6.3
Dodging        | |  1.3
Stealth        | |  1.4

Action                     |  1- 3 |  4- 6 |  7- 9 | 10-12 || total
---------------------------+-------+-------+-------+-------++-------
  Melee: Unarmed           |    13 |       |       |       ||    13
         Punch             |     1 |       |       |       ||     1
         Dagger            |    15 |   111 |   177 |       ||   303
         Hand axe          |       |     4 |       |       ||     4
         Flail             |       |       |   121 |       ||   121
         Battleaxe         |       |       |    20 |    59 ||    79
   Cast: Necrotise         |    74 |    57 |    58 |       ||   189
         Animate Dead      |       |       |    14 |     4 ||    18
         Dispel Undead     |       |       |     3 |     6 ||     9
  Evoke: Wand              |       |       |     4 |    11 ||    15
    Use: Potion            |       |     6 |     2 |     5 ||    13
         Scroll            |       |     8 |     8 |     2 ||    18
   Stab: Distracted        |       |     1 |       |       ||     1
         Sleeping          |       |       |     1 |       ||     1
 Armour: Robe              |    37 |    77 |    21 |       ||   135
         Chain mail        |       |       |   394 |    90 ||   484
         Skin              |       |       |   106 |       ||   106
  Dodge: Dodged            |    33 |    88 |   217 |    45 ||   383

Levels and vault maps discovered:
D:1:      eino_arrival_druids_welcome, layout_basic, serial_shops, shop
D:2:      layout_rooms, basic_altar, hellmonk_ecumenical_altar_inner_sanctum,
          serial_shops, shop, minmay_fountain_box
D:3:      layout_loops_ring, gammafunk_temple_overflow_wave
D:4:      layout_rooms, uniq_pikel, uniq_edmund
D:5:      layout_loops_ring, mainiacjoe_overflow_paths,
          nicolae_overflow_hidden_temple, uniq_sigmund
D:6:      layout_rooms, minmay_temple_entry_nine_rooms, uniq_maggie
D:7:      layout_loops_ring, serial_demonic, serial_demonic_g, serial_demonic_d,
          serial_demonic_a, serial_demonic_f, grunt_ministairs_5,
          hangedman_decor_riveting, nicolae_shop_unique_rings
D:8:      layout_cave_pods, makhleb_grotto_becter, serial_shops, shop_statue,
          uniq_erica, uniq_jeremiah
D:9:      layout_roguey, grunt_lair_entry_orc_guard_hut, serial_shops,
          shop_statue, minmay_misc_feat_encased
Temple:   hellmonk_temple_divided_pantheon

Notes
Turn   | Place    | Note
-------+----------+-------------------------------------------
     0 | D:1      | cforsyth the Mountain Dwarf Necromancer began the quest for
                  | the Orb.
     0 | D:1      | Reached XP level 1. HP: 14/14 MP: 3/3
   209 | D:1      | Reached skill level 1 in Fighting
   278 | D:1      | Reached XP level 2. HP: 23/23 MP: 1/4
   831 | D:1      | Found Univam's Antique Armour Shoppe.
  1104 | D:2      | Found Xaubuges's Antique Armour Shoppe.
  1193 | D:2      | Reached skill level 2 in Fighting
  1194 | D:2      | Reached skill level 5 in Necromancy
  1194 | D:2      | Reached XP level 3. HP: 29/29 MP: 0/5
  1612 | D:2      | Found a hazy altar of Hepliaklqana.
  1707 | D:2      | Found a faded altar of an unknown god.
  1742 | D:2      | Learned a level 3 spell: Vampiric Draining
  1859 | D:3      | Found a basalt altar of Yredelemnul.
  1859 | D:3      | Found a broken altar of Ashenzari.
  2116 | D:4      | Reached XP level 4. HP: 13/37 MP: 0/6
  2243 | D:4      | Gained mutation: You are frail. (-10% HP) [potion of
                  | mutation]
  2245 | D:4      | Reached skill level 3 in Fighting
  2292 | D:4      | Lost mutation: You are frail. (-10% HP) [potion of
                  | mutation]
  2292 | D:4      | Gained mutation: Your spells are a little harder to cast,
                  | but a little more powerful. [potion of mutation]
  2292 | D:4      | Gained mutation: You are vulnerable to heat. (rF-) [potion
                  | of mutation]
  2292 | D:4      | Gained mutation: You have a pair of small horns on your
                  | head. [potion of mutation]
  2293 | D:4      | Lost mutation: You have a pair of small horns on your head.
                  | [potion of mutation]
  2293 | D:4      | Lost mutation: Your spells are a little harder to cast, but
                  | a little more powerful. [potion of mutation]
  2293 | D:4      | Lost mutation: You are vulnerable to heat. (rF-) [potion of
                  | mutation]
  2293 | D:4      | Gained mutation: You have a pair of small antennae on your
                  | head. [potion of mutation]
  2323 | D:4      | Noticed a lemure
  2571 | D:3      | Reached XP level 5. HP: 42/46 MP: 0/7
  2732 | D:3      | Reached skill level 6 in Necromancy
  2754 | D:3      | HP: 3/46 [orc priest/divine providence (17)]
  2953 | D:4      | Reached skill level 4 in Fighting
  3146 | D:4      | Noticed an ogre
  3153 | D:4      | Noticed Edmund
  3318 | D:3      | Reached XP level 6. HP: 20/53 MP: 8/8
  3849 | D:3      | HP: 5/53 [phantom (7)]
  3856 | D:3      | Reached skill level 5 in Fighting
  4247 | D:4      | Identified a potion of resistance
  4298 | D:4      | Killed Edmund
  4299 | D:4      | Reached skill level 7 in Necromancy
  4299 | D:4      | Reached XP level 7. HP: 10/61 MP: 6/9
  4376 | D:4      | Noticed Pikel
  4501 | D:3      | Killed Pikel
  4502 | D:3      | Reached skill level 6 in Fighting
  4502 | D:3      | Reached skill level 8 in Necromancy
  4659 | D:4      | Reached skill level 7 in Fighting
  4659 | D:4      | Reached XP level 8. HP: 73/73 MP: 4/10
  4935 | D:5      | Entered Level 5 of the Dungeon
  5520 | D:5      | Learned a level 4 spell: Animate Dead
  5781 | D:5      | Noticed Sigmund
  6207 | D:5      | Reached skill level 9 in Necromancy
  6247 | D:5      | Found a radiant altar of Vehumet.
  6523 | D:5      | Found a hazy altar of Hepliaklqana.
  6609 | D:5      | Reached skill level 1 in Armour
  6890 | D:6      | Noticed Maggie
  7231 | D:5      | Killed Sigmund
  7232 | D:5      | Reached skill level 2 in Armour
  7299 | D:5      | Reached skill level 3 in Armour
  8144 | D:7      | Reached skill level 1 in Maces & Flails
  8144 | D:7      | Reached skill level 4 in Armour
  8356 | D:7      | Noticed a troll
  8481 | D:6      | Reached skill level 2 in Maces & Flails
  8481 | D:6      | Reached XP level 9. HP: 80/80 MP: 11/11
  8619 | D:6      | Found a staircase to the Ecumenical Temple.
  8711 | Temple   | Found a transporter.
  8711 | Temple   | Found a transporter.
  8711 | Temple   | Found a transporter.
  8711 | Temple   | Found a transporter.
  8711 | Temple   | Entered the Ecumenical Temple
  8729 | Temple   | Became a worshipper of Kikubaaqudgha
  8885 | D:6      | Reached skill level 3 in Maces & Flails
  8920 | D:6      | Reached skill level 5 in Armour
  8954 | D:6      | Killed Maggie
  8955 | D:6      | Reached skill level 4 in Maces & Flails
  9605 | D:7      | Reached skill level 6 in Armour
  9816 | D:7      | Reached skill level 5 in Maces & Flails
  9846 | D:7      | Got the Anthology of Graupel and the Quake
 10061 | D:7      | Found Ruoteg's One-of-a-Kind Rings.
 10229 | D:1      | Bought a pair of ancient gloves for 285 gold pieces
 10229 | D:1      | Identified the +2 pair of gloves "Pyloogud" {rElec Int+4}
                  | (You bought it in a shop on level 1 of the Dungeon)
 10385 | D:7      | Killed a troll
 10386 | D:7      | Reached skill level 2 in Spellcasting
 10804 | D:8      | Reached skill level 6 in Maces & Flails
 10804 | D:8      | Reached skill level 3 in Spellcasting
 11087 | D:8      | Reached * piety under Kikubaaqudgha
 11087 | D:8      | Received a gift from Kikubaaqudgha
 11153 | D:8      | Found a burning altar of Makhleb.
 11164 | D:8      | Learned a level 4 spell: Dispel Undead
 11215 | D:8      | Reached skill level 7 in Maces & Flails
 11365 | D:8      | Reached skill level 4 in Spellcasting
 11367 | D:8      | Reached XP level 10. HP: 51/88 MP: 9/16
 11592 | D:8      | Found Jiewonec's Distillery.
 11597 | D:8      | Noticed Erica
 11633 | D:8      | HP: 7/88 [Erica/bolt of poison (34)]
 11952 | D:8      | Noticed Jeremiah
 14260 | D:8      | Killed Jeremiah
 14261 | D:8      | Reached skill level 5 in Spellcasting
 14790 | D:9      | Reached skill level 6 in Spellcasting
 14866 | D:9      | HP: 7/88 [troll (11)]
 14872 | D:9      | HP: 5/88 [troll (4)]
 14872 | D:9      | Slain by a troll

Vanquished Creatures
  Pikel (D:3)
  Maggie (D:6)
  A kobold demonologist (D:9)
  A komodo dragon (D:9)
  A troll (D:7)
  Sigmund (D:5)
  2 wyverns (D:8)
  A vampire (D:9)
  Edmund (D:4)
  An orc warrior (D:8)
  A sky beast (D:7)
  An ice beast (D:8)
  A black bear (D:6)
  3 ogres
  2 phantoms
  A centaur (D:7)
  2 kobold brigands
  3 bullfrogs
  A scorpion (D:7)
  7 wights
  A howler monkey (D:6)
  A crimson imp (D:8)
  A bombardier beetle (D:5)
  2 jellies (D:7)
  7 orc priests
  5 hounds
  2 sleepcaps
  An iguana (D:5)
  7 orc wizards
  4 gnolls (D:4)
  7 adders
  5 shadow imps
  8 white imps
  4 ufetubi
  29 orcs
  8 bats
  4 endoplasms
  3 giant cockroaches
  3 goblins
  7 hobgoblins
  5 jackals
  4 quokkas
  3 ball pythons
  6 frilled lizards
  13 kobolds
173 creatures vanquished.

Vanquished Creatures (collateral kills)
  Jeremiah (D:8)
  A kobold brigand (D:8)
  A wight (D:8)
  An orc (D:8)
  A goblin (D:2)
  A hobgoblin (D:1)
  2 jackals (D:2)
  A quokka (D:2)
  A frilled lizard (D:2)
  3 kobolds
13 creatures vanquished.

Vanquished Creatures (others)
  A komodo dragon zombie (D:9)
  3 hound zombies
  A howler monkey zombie (D:6)
  3 kobold zombies (D:5)
  11 orc zombies
19 creatures vanquished.

Grand Total: 205 creatures vanquished

Table legend: (Time is in decaauts)
 A = Elapsed time spent in this place.
 B = Non-inter-level travel time spent in this place.
 C = Inter-level travel time spent in this place.
 D = Time resting spent in this place.
 E = Time spent auto-exploring this place.
 F = Levels seen in this place.
 G = Mean time per level.
                   A        B        C        D        E       F      G
               +--------+--------+--------+--------+--------+-----+--------+
         Total |  15042 |  13949 |   1093 |   4706 |   6088 |  10 | 1504.2 |
       Dungeon |  15001 |  13909 |   1092 |   4706 |   6088 |   9 | 1666.8 |
        Temple |     40 |     40 |      0 |      0 |      0 |   1 |   40.0 |
               +--------+--------+--------+--------+--------+-----+--------+

Top non-repeatable levels by time:
     D:7: 3151 daAuts
     D:4: 2436 daAuts
     D:5: 2167 daAuts
     D:8: 2128 daAuts
     D:3: 1790 daAuts
     D:6: 1080 daAuts
     D:1: 1058 daAuts
     D:2: 803 daAuts
     D:9: 385 daAuts
  Temple: 40 daAuts

Table legend:
 A = Non-vault XP
 B = Vault XP
 C = Vault XP percentage of total XP
 D = Non-vault monster count
 E = Vault monster count
 F = Vault count percentage of total count
                 A         B        C        D         E       F
            +---------+---------+-------+---------+---------+-------
      Total |    5222 |    2308 |  30.7 |     165 |      21 |  11.3
            +---------+---------+-------+---------+---------+-------
        D:1 |      18 |       0 |   0.0 |      10 |       0 |   0.0
        D:2 |      60 |       0 |   0.0 |      24 |       0 |   0.0
        D:3 |     288 |     593 |  67.3 |      23 |       1 |   4.2
        D:4 |     414 |     162 |  28.1 |      28 |       1 |   3.4
        D:5 |     873 |     226 |  20.6 |      30 |       1 |   3.2
        D:6 |     443 |     395 |  47.1 |      10 |       1 |   9.1
        D:7 |     729 |     133 |  15.4 |      10 |      14 |  58.3
        D:8 |    1419 |     432 |  23.3 |      23 |       2 |   8.0
        D:9 |     978 |     367 |  27.3 |       7 |       1 |  12.5
            +---------+---------+-------+---------+---------+-------
